 Dungeon Crawl Stone Soup version 0.25-a0-424-g80bd347ae0 (webtiles) character file.

Game seed: 2182871885924058623, levelgen mode: deterministic

113 Kohma the Stinger (level 4, -2/36 HPs)
             Began as a Naga Venom Mage on Jan 21, 2020.
             Slain by an iguana (12 damage)
             ... on level 4 of the Dungeon.
             The game lasted 00:10:09 (3791 turns).

Kohma the Stinger (Naga Venom Mage)                 Turns: 3791, Time: 00:10:09

Health: -2/36      AC:  4    Str: 11    XL:     4   Next: 96%
Magic:  3/8        EV: 10    Int: 16    God:
Gold:   95         SH:  0    Dex: 11    Spells: 3/8 levels left

rFire    + . .     SeeInvis +   s - +1 falchion
rCold    + . .     Gourm    .   (no shield)
rNeg     . . .     Faith    .   a - +0 robe
rPois    +         Spirit   .   h - +0 helmet
rElec    .         Reflect  .   k - scarf {rC+ rF+}
rCorr    .         Harm     .   f - +0 pair of gloves
MR       .....                  (no barding)
Stlth    ++........             (no amulet)
HPRegen  0.12/turn              (no ring)
MPRegen  0.11/turn              (no ring)

@: very slow
A: large, see invisible, deformed body, poison resistance, slowness 2, slow
metabolism 1, spit poison 1, AC +1
a: Spit Poison


You were on level 4 of the Dungeon.
You were not hungry.

You visited 1 branch of the dungeon, and saw 4 of its levels.

You collected 95 gold pieces.

Inventory:

Hand Weapons
 s - a +1 falchion (weapon)
Missiles
 d - 9 sling bullets
 i - 25 bolts
 m - 11 boomerangs (quivered)
Armour
 a - a +0 robe (worn)
 f - a +0 pair of gloves (worn)
 h - a +0 helmet (worn)
 k - a scarf of resistance (worn)
Scrolls
 j - a scroll of blinking
Potions
 n - a potion of flight
 o - a potion of berserk rage
Comestibles
 c - 8 rations
 l - 3 chunks of flesh


   Skills:
 - Level 1.5 Dodging
 - Level 3.0 Stealth
 + Level 2.9 Spellcasting
 + Level 0.6 Conjurations
   Level 1.0 Transmutations
 + Level 0.7 Air Magic
 * Level 6.1 Poison Magic


You had 3 spell levels left.
You knew the following spells:

 Your Spells              Type           Power        Failure   Level  Hunger
b - Poisonous Vapours     Pois/Air       ##....       7%          2    ##.....
c - Mephitic Cloud        Conj/Pois/Air  ##......     21%         3    ###....

Your spell library contained the following spells:

 Spells                   Type           Power        Failure   Level  Hunger
 Sting                    Tmut/Pois      ##..         4%          1    #......
 Ignite Poison            Fire/Tmut/Pois ##......     22%         3    ###....
 Olgreb's Toxic Radiance  Pois           ###.....     16%         4    #####..


Dungeon Overview and Level Annotations

Branches:
Dungeon (4/15)
 Temple: D:4-7

Altars:


Innate Abilities, Weirdness & Mutations

You cannot wear boots.
Your serpentine skin is tough. (AC +1)
You have supernaturally acute eyesight. (SInv)
Armour fits poorly on your strangely shaped body.
Your system is resistant to poisons. (rPois)
You cover ground very slowly.
You have a slow metabolism.
You can spit poison.


Message History

Aiming: Poisonous Vapours (safe; 7% risk of failure)
Press: ? - help, Dir - move target cursor, f - iguana
Aim: an iguana Poisonous vapours surround the iguana!
The phantom completely misses you.
The iguana is engulfed in poison gas.
The iguana is poisoned.
Your magical contamination has completely faded away.
Casting: Poisonous Vapours (safe; 7% risk of failure)
Confirm with . or Enter, or press ? or * to list all spells.
Aiming: Poisonous Vapours (safe; 7% risk of failure)
Press: ? - help, Dir - move target cursor, f/p - iguana
Aim: an iguana (moderately wounded, poisoned) Poisonous vapours surround the iguana!
The phantom hits you.
The iguana is engulfed in poison gas.
The iguana looks even sicker.
The iguana bites you.
* * * LOW HITPOINT WARNING * * *
You hit the iguana.
The iguana is almost dead.
The phantom hits you but does no damage.
The iguana bites you!
You die...

....# .#
.....####.
..!.......
.........##
......)...
.......#
#..Wl# #†@.#
##..# #..# ##
##..# #. #...#
##. .o ##.#.#
.. .o #..#.#
.##.#
#.##.####....#
##.##.#.....#


You could see a phantom and an iguana.

Vanquished Creatures
  An adder (D:2)
  4 worms
  4 dart slugs
  2 leopard geckos
  10 orcs
  A ball python (D:2)
  7 bats
  5 giant cockroaches
  6 goblins
  4 hobgoblins
  2 quokkas
  12 frilled lizards
  7 kobolds
  10 rats
75 creatures vanquished.

Notes
Turn   | Place    | Note
-------+----------+-------------------------------------------
     0 | D:1      | Kohma the Naga Venom Mage began the quest for the Orb.
     0 | D:1      | Reached XP level 1. HP: 15/15 MP: 3/3
    14 | D:1      | You fall into a shaft and drop 1 floor!
   238 | D:1      | Reached XP level 2. HP: 22/22 MP: 0/5
   810 | D:1      | Learned a level 2 spell: Poisonous Vapours
   831 | D:1      | Reached skill level 5 in Poison Magic
  1091 | D:1      | Reached XP level 3. HP: 28/28 MP: 3/6
  2175 | D:2      | Reached XP level 4. HP: 36/36 MP: 3/8
  2266 | D:2      | Learned a level 3 spell: Mephitic Cloud
  3196 | D:3      | Reached skill level 6 in Poison Magic
  3662 | D:3      | You fall into a shaft and drop 1 floor!
  3773 | D:4      | Noticed a phantom
  3791 | D:4      | Slain by an iguana

Levels and vault maps discovered:
D:1:      ebering_trefoil_twist, layout_loops_ring, minmay_lizard_pond
D:2:      layout_basic
D:3:      layout_loops_cross, first_ration
D:4:      layout_rooms, nicolae_ossuary_entry_monument, item_on_display_a

Skill      XL: |  1  2  3  4 |
---------------+-------------+-----
Poison Magic   | 5 6 |  6.1
Dodging        | |  1.5
Stealth        | |  3.0
Spellcasting   | |  2.9
Conjurations   | |  0.6
Transmutations | |  1.0
Air Magic      | |  0.7

Action                   |  1- 3 |  4- 6 || total
-------------------------+-------+-------++-------
Melee: Short sword       |    58 |       ||    58
       Rapier            |     7 |    31 ||    38
       Falchion          |       |    25 ||    25
 Cast: Sting             |    27 |     8 ||    35
       Poisonous Vapours |    21 |    30 ||    51
  Use: Scroll            |       |     8 ||     8
 Stab: Sleeping          |       |     2 ||     2
  Eat: Chunk             |     3 |     7 ||    10
Armor: Robe              |    23 |    23 ||    46
Dodge: Dodged            |    47 |    44 ||    91
       Rpst.: Falchion   |       |     4 ||     4

Table legend:
 A = Non-vault XP
 B = Vault XP
 C = Vault XP percentage of total XP
 D = Non-vault monster count
 E = Vault monster count
 F = Vault count percentage of total count
                 A         B        C        D         E       F
            +---------+---------+-------+---------+---------+-------
      Total |     157 |       5 |   3.1 |      70 |       5 |   6.7
            +---------+---------+-------+---------+---------+-------
        D:1 |      41 |       5 |  10.9 |      25 |       5 |  16.7
        D:2 |      65 |       0 |   0.0 |      24 |       0 |   0.0
        D:3 |      39 |       0 |   0.0 |      16 |       0 |   0.0
        D:4 |      12 |       0 |   0.0 |       5 |       0 |   0.0
            +---------+---------+-------+---------+---------+-------
